 Dungeon Crawl Stone Soup version 0.28-a0-674-gdaf460b524 (webtiles) character file.

Game seed: 14884801238787573787

11674 jasper the Grappler (level 11, -8/83 HPs)
             Began as a Demonspawn Artificer on Oct 18, 2021.
             Was a Follower of Uskayaw.
             Shot with an arrow by a centaur warrior (22 damage)
             ... on level 13 of the Dungeon.
             The game lasted 00:19:26 (15335 turns).

jasper the Grappler (Demonspawn Artificer)         Turns: 15335, Time: 00:19:26

Health: -8/83      AC: 16    Str: 16    XL:     11   Next: 52%
Magic:  16/16      EV: 16    Int: 19    God:    Uskayaw [*.....]
Gold:   444        SH:  0    Dex: 13    Spells: 10/10 levels left

rFire   + . .      SeeInvis .     - Unarmed
rCold   . . .      Faith    .   (no shield)
rNeg    . . .      Spirit   .   v - +3 scale mail {rF+}
rPois   .          Reflect  .   c - +1 helmet
rElec   .          Harm     .   I - +0 cloak
rCorr   .          Rampage  .   (no gloves)
Will    .....                   (no boots)
Stlth   ..........              (no amulet)
HPRegen 0.23/turn               l - +6 ring of intelligence
MPRegen 0.15/turn               r - +4 ring of slaying

@: mighty, agile
A: claws 1, yellow scales 2, ignite blood 1, powered by pain 2
a: Renounce Religion, Stomp


You were on level 13 of the Dungeon.
You worshipped Uskayaw.
Uskayaw was noncommittal.
You visited 1 branch of the dungeon, and saw 13 of its levels.

You collected 510 gold pieces.
You spent 66 gold pieces at shops.

Inventory:

Hand Weapons
 a - a +0 club
 h - a +0 whip
 j - a +0 mace
 n - a +0 hunting sling
 o - a +0 rapier
Missiles
 f - 214 stones (quivered)
Armour
 b - a +0 leather armour
 c - a +1 helmet (worn)
 i - a +0 ring mail
 q - a +0 scale mail
 v - a +3 scale mail of fire resistance (worn)
 w - a +1 pair of gloves
 I - a +0 cloak (worn)
Jewellery
 l - a +6 ring of intelligence (left claw)
 r - a +4 ring of slaying (right claw)
 D - a ring of wizardry
Wands
 d - a wand of charming (7)
 t - a wand of flame (7)
 C - a wand of paralysis (5)
Scrolls
 g - 4 scrolls of teleportation
 m - 2 scrolls of vulnerability
 s - 2 scrolls of identify
 y - a scroll of fog
 z - 2 scrolls of magic mapping
 A - 3 scrolls of enchant armour
 B - a scroll of amnesia
Potions
 k - a potion of flight
 p - a potion of brilliance
 u - a potion of resistance
 x - a potion of berserk rage
 E - 2 potions of mutation
 G - a potion of heal wounds
 H - 2 potions of might
Miscellaneous
 e - a piece from Xom's chessboard (15/15)
 F - a phantom mirror


   Skills:
 + Level 6.4 Fighting
 - Level 2.4 Long Blades
 + Level 4.5 Throwing
 + Level 5.3 Armour
 + Level 5.0 Dodging
 - Level 0.8 Stealth
 * Level 12.0 Unarmed Combat
 + Level 7.1 Invocations
 - Level 3.0 Evocations


You had 10 spell levels left.
You didn't know any spells.
Your spell library contained the following spells:

 Spells                   Type           Power      Damage    Failure   Level
 Animate Dead             Necr           0%         N/A       100%        4
 Borgnjor's Vile Clutch   Necr/Erth      0%         N/A       100%        5
 Death Channel            Necr           0%         N/A       100%        6


Dungeon Overview and Level Annotations

Branches:
Dungeon (13/15)               Orc (0/2) D:10
 Temple: D:4-7         Lair: D:8-11      Vaults: D:13-14

Altars:
Dithmenos
Fedhas
Hepliaklqana
Kikubaaqudgha
Makhleb
Nemelex Xobeh
Qazlal
Uskayaw
Vehumet
Wu Jian
Zin

Shops:
D:2 !   D:11 (

Portals:
Abyss: D:6
Trove: D:10 (give 8 potions of haste)

Annotations:
D:5 Duvessa
D:6 2 transporters, Dittersdorf's ghost, amateur GrFi
D:7 1 runed translucent door, freelancePsychic's ghost, novice DEVM
D:10 2 transporters, HilariousDeathArtist's ghost, journeyman MiBr
D:11 2 runed translucent doors, AlleluiaPinecone's ghost, journeyman VSBr


Innate Abilities, Weirdness & Mutations

You have sharp fingernails.
You are mostly covered in yellow scales. (AC +3)
Your demonic aura sometimes causes spilled blood to erupt in flames.
You sometimes gain power by taking damage.


Message History

You take 2 damage, and have 81/83 hp.
There are monsters nearby!
You start resting.
A centaur is nearby!
A centaur warrior comes into view.
Found a pair of gloves.
The centaur warrior shouts!
You hear a shout! x3
The centaur wields a +0 shortbow.
The centaur shoots an arrow.
The arrow hits you.
The centaur warrior wields a +0 longbow.
The centaur warrior shoots an arrow.
The arrow hits you!!
You focus on the pain.
You feel very mighty all of a sudden.
A centaur comes into view. x2
The centaur shoots an arrow.
The arrow hits you but does no damage.
The centaur shoots an arrow.
The arrow hits you!
The centaur wields a +0 shortbow.
The centaur shoots an arrow.
The arrow hits you.
The centaur warrior shoots an arrow.
The arrow hits you.
The centaur moves out of view.
You hear a shout! x2
A centaur warrior and an electric eel come into view.
The centaur warrior shouts!
You hear a shout!
The centaur shoots an arrow.
The arrow hits you!
The centaur unwields a +0 shortbow.
The centaur closely misses you.
The centaur kicks you but does no damage.
The centaur wields a +0 shortbow.
The centaur shoots an arrow.
The arrow hits you!
* * * LOW HITPOINT WARNING * * *
The centaur shoots an arrow.
The arrow misses you.
A centaur warrior comes into view.
The electric eel moves out of view.
You hear a shout!
Your scale mail prevents you from hitting the centaur.
The centaur warrior wields a +0 longbow.
The centaur warrior shoots an arrow.
The arrow hits you!
* * * LOW HITPOINT WARNING * * *
You focus on the pain.
You feel agile all of a sudden.
The centaur warrior shoots an arrow.
The arrow hits you!!
You die...

....###....# #.#
..........# #.#
#.......# #.#
#.......# #.####
+.....### #.##≈#
#####.....# #.#≈≈≈
#.....#..########.≈≈≈≈
#.###°#...#......≈≈≈≈≈
#..@#.#.#.####≈≈≈≈†≈
#..c#.#...###≈≈≈≈≈≈≈
#...#.##..##≈≈≈≈≈≈≈≈
≈....#.##..#≈≈≈≈≈≈≈≈≈
cc.#..#.###.≈≈≈≈≈≈≈≈≈≈
≈ccc.$..#.
#.≈≈≈≈≈†≈≈≈≈
≈≈≈c..[.#.
#..≈≈≈≈≈≈≈≈≈ ≈≈≈≈#####
#..#≈≈≈≈≈≈≈≈
#..#≈≈≈÷≈≈..


You could see 3 centaur warriors and 4 centaurs.

Vanquished Creatures
  2 boulder beetles
  A two-headed ogre (D:11)
  A skeletal warrior (D:11)
  A cyclops (D:12)
  A torpor snail (shapeshifter) (D:13)
  An efreet (D:12)
  3 trolls
  Prince Ribbit (D:6)
  Sigmund (D:2)
  A water elemental (D:13)
  2 wraiths
  A shadow (D:10)
  A basilisk (D:13)
  A vampire (D:11)
  12 yaks
  3 steam dragons
  5 vampire mosquitoes (D:11)
  A warg (D:10)
  2 water moccasins
  An ice beast (D:7)
  A black bear (D:6)
  An ogre (D:7)
  3 orc warriors
  A sky beast (D:7)
  2 necrophages
  4 centaurs
  A phantom (D:6)
  3 wyvern zombies
  4 bullfrogs
  Blork the orc (D:6)
  A scorpion (D:4)
  3 electric eels (D:13)
  5 wights
  5 howler monkeys
  A crimson imp (D:7)
  3 centaur zombies
  4 hounds
  A jelly (D:6)
  6 orc priests
  2 bullfrog skeletons
  An iguana (D:7)
  Terence (D:2)
  3 orc wizards
  A killer bee zombie (D:5)
  A hound zombie (D:5)
  2 hound skeletons (D:4)
  2 howler monkey zombies
  Robin (D:2)
  3 gnolls (D:5)
  5 adders
  2 white imps
  2 ufetubi
  An adder skeleton (D:4)
  4 worms
  A dart slug (D:1)
  19 orcs
  8 ball pythons
  4 bat zombies (D:11)
  4 endoplasms
  3 giant cockroaches
  11 goblins
  6 hobgoblins
  2 jackals (D:3)
  6 kobolds
  A quokka (D:4)
  4 bats
  5 frilled lizards
  2 rats (D:1)
  A rat zombie (D:11)
200 creatures vanquished.

Vanquished Creatures (others)
  A troll (D:11)
  A goblin (D:2)
  2 withered plants (D:7)
4 creatures vanquished.

Grand Total: 204 creatures vanquished

Notes
Turn   | Place    | Note
-------+----------+-------------------------------------------
     0 | D:1      | jasper the Demonspawn Artificer began the quest for the
                  | Orb.
     0 | D:1      | Reached XP level 1. HP: 15/15 MP: 1/1
   445 | D:1      | Gained mutation: You are partially covered in yellow
                  | scales. (AC +2) [demonic ancestry]
   445 | D:1      | Reached XP level 2. HP: 22/22 MP: 2/2
   808 | D:2      | Found a faded altar of an unknown god.
   819 | D:2      | Prayed at the altar of an unknown god.
   819 | D:2      | Became a worshipper of Uskayaw the Reveller
   819 | D:2      | Reached * piety under Uskayaw
   824 | D:2      | Reached ** piety under Uskayaw
   844 | D:2      | Noticed Terence
   849 | D:2      | Killed Terence
   850 | D:2      | Reached skill level 1 in Dodging
   850 | D:2      | Reached XP level 3. HP: 29/29 MP: 3/3
   908 | D:2      | Noticed Sigmund
  1022 | D:2      | Found a sparkling altar of Nemelex Xobeh.
  1099 | D:2      | Killed Sigmund
  1099 | D:2      | Reached *** piety under Uskayaw
  1100 | D:2      | Gained mutation: You have sharp fingernails. [demonic
                  | ancestry]
  1100 | D:2      | Reached XP level 4. HP: 10/36 MP: 3/5
  1100 | D:2      | Gained mutation: You sometimes gain a little power by
                  | taking damage. [demonic ancestry]
  1100 | D:2      | Reached XP level 5. HP: 11/41 MP: 3/6
  1646 | D:2      | Noticed Robin
  1663 | D:2      | Killed Robin
  2289 | D:2      | Found Kietos's Distillery.
  2295 | D:2      | Bought a potion of curing for 33 gold pieces
  2295 | D:2      | Bought a potion of curing for 33 gold pieces
  2927 | D:3      | Gained mutation: You sometimes gain power by taking damage.
                  | [demonic ancestry]
  2927 | D:3      | Reached XP level 6. HP: 26/48 MP: 7/7
  3391 | D:3      | Reached skill level 1 in Unarmed Combat
  4098 | D:4      | You fall into a shaft and drop 2 floors!
  4102 | D:5      | Entered Level 5 of the Dungeon
  4305 | D:4      | Reached skill level 2 in Unarmed Combat
  4870 | D:4      | Found a hazy altar of Hepliaklqana.
  4931 | D:4      | Reached skill level 3 in Unarmed Combat
  5082 | D:5      | Reached skill level 4 in Unarmed Combat
  5082 | D:5      | Reached XP level 7. HP: 49/53 MP: 8/8
  5347 | D:5      | Found a stormy altar of Qazlal.
  6072 | D:5      | Noticed Duvessa
  6191 | D:6      | Reached skill level 5 in Unarmed Combat
  6421 | D:6      | Noticed Prince Ribbit
  6486 | D:6      | Killed Prince Ribbit
  6487 | D:6      | Reached skill level 6 in Unarmed Combat
  6487 | D:6      | Reached XP level 8. HP: 60/60 MP: 9/9
  6646 | D:6      | Reached skill level 7 in Unarmed Combat
  6983 | D:6      | Found a transporter.
  6983 | D:6      | Noticed Dittersdorf's ghost (amateur GrFi)
  6990 | D:6      | Noticed a toenail golem
  7021 | D:6      | Noticed an ancient zyme
  7078 | D:6      | Noticed Blork the orc
  7089 | D:6      | Killed Blork the orc
  7188 | D:6      | Found a one-way gate to the infinite horrors of the Abyss.
  7208 | D:6      | Found a transporter.
  7240 | D:6      | Reached skill level 8 in Unarmed Combat
  7354 | D:6      | Found a hide-covered altar of Uskayaw.
  7456 | D:6      | Found a shadowy altar of Dithmenos.
  8305 | D:7      | Reached skill level 9 in Unarmed Combat
  8531 | D:7      | Reached XP level 9. HP: 56/65 MP: 10/10
  8586 | D:7      | Found a runed translucent door.
  8828 | D:7      | Reached **** piety under Uskayaw
  8832 | D:7      | Reached skill level 10 in Unarmed Combat
  9107 | D:7      | Found a burning altar of Makhleb.
  9107 | D:7      | Found a radiant altar of Vehumet.
  9406 | D:7      | Noticed freelancePsychic's ghost (novice DEVM)
 10187 | D:8      | Reached skill level 1 in Throwing
 10214 | D:8      | Reached ***** piety under Uskayaw
 10462 | D:8      | Identified the +7 spear of Noon {venom, rF- rN+ rCorr}
 11345 | D:9      | Noticed a two-headed ogre
 11351 | D:10     | Entered Level 10 of the Dungeon
 11362 | D:10     | Found a portal to a secret trove of treasure.
 11375 | D:10     | Gained mutation: Your demonic aura sometimes causes spilled
                  | blood to erupt in flames. [demonic ancestry]
 11375 | D:10     | Reached XP level 10. HP: 32/73 MP: 11/13
 11377 | D:10     | Noticed HilariousDeathArtist's ghost (journeyman MiBr)
 11656 | D:10     | Found a transporter.
 11658 | D:10     | Found a transporter.
 11723 | D:10     | Found a blossoming altar of Fedhas.
 11858 | D:10     | Reached skill level 5 in Fighting
 12162 | D:10     | Reached skill level 5 in Invocations
 12190 | D:10     | Found a staircase to the Orcish Mines.
 12250 | D:10     | Found an ornate altar of the Wu Jian Council.
 12482 | D:11     | Reached skill level 11 in Unarmed Combat
 12552 | D:11     | Found an ancient bone altar of Kikubaaqudgha.
 12594 | D:11     | Found a runed translucent door.
 12633 | D:11     | Found Nitsatyv's Weapon Boutique.
 12678 | D:11     | Noticed a boulder beetle
 12694 | D:11     | Killed a boulder beetle
 12751 | D:11     | Reached ****** piety under Uskayaw
 12969 | D:11     | Noticed a skeletal warrior
 13044 | D:11     | Killed a skeletal warrior
 13045 | D:11     | Gained mutation: You are mostly covered in yellow scales.
                  | (AC +3) [demonic ancestry]
 13045 | D:11     | Reached XP level 11. HP: 46/81 MP: 11/15
 13256 | D:11     | Noticed a two-headed ogre
 13267 | D:11     | Killed a two-headed ogre
 13570 | D:11     | Found a runed translucent door.
 13577 | D:11     | Noticed a white ugly thing
 13577 | D:11     | Noticed an ettin
 13577 | D:11     | Noticed a sphinx
 13578 | D:11     | Noticed a lich
 13578 | D:11     | Noticed a necromancer
 13582 | D:11     | Noticed AlleluiaPinecone's ghost (journeyman VSBr)
 14031 | D:12     | Reached skill level 5 in Armour
 14561 | D:12     | Noticed a boulder beetle
 14587 | D:12     | Killed a boulder beetle
 14849 | D:13     | Reached skill level 5 in Dodging
 15061 | D:13     | Reached skill level 12 in Unarmed Combat
 15333 | D:13     | Noticed a centaur warrior
 15334 | D:13     | Noticed a centaur warrior
 15334 | D:13     | Noticed a centaur warrior
 15335 | D:13     | Shot with an arrow by a centaur warrior

Illustrated notes

Levels and vault maps discovered:
D:1:      minmay_arrival_stone_box, layout_basic
D:2:      layout_basic, basic_altar, serial_shops, shop,
          hellmonk_ecumenical_altar_lost_god, minmay_misc_feat_tiny,
          minmay_liquid_box, uniq_sigmund, uniq_robin, uniq_terence
D:3:      layout_basic
D:4:      layout_loops_ring, zin_statuary, mainiacjoe_overflow_tiny_flanked
D:5:      layout_rooms, nicolae_qazlal_eye_of_the_storm,
          minmay_temple_entry_nine_rooms, uniq_duvessa, uniq_eustachio,
          uniq_edmund
D:6:      layout_layer_cave, nicolae_uskayaw_dance_hall,
          grunt_dithmenos_shadows, gammafunk_ghost_abyssal_escape,
          uniq_blork_the_orc, uniq_prince_ribbit1
D:7:      minmay_recursive_quarters, layout_layer_cave,
          grunt_temple_overflow_lords_of_destruction, gammafunk_ghost_grave
D:8:      layout_rooms, erik_lair_dragon, uniq_maurice
D:9:      layout_gridville, mainiacjoe_overflow_concentric_impassable
D:10:     layout_cave_pools, nzn_wu_jian_council_hall,
          mainiacjoe_overflow_alcove_4, david_orc_3, gammafunk_ghost_hive,
          nicolae_trove_entry_crossroad
D:11:     minmay_angry_zag, layout_irregular_city, serial_shops, shop,
          muffindrake_ghost_dual_entry, lemuel_zombie_altar_kikubaaqudgha
D:12:     layout_gridville
D:13:     layout_basic

Skill      XL: |  1  2  3  4  5  6  7  8  9 10 11 |
---------------+----------------------------------+-----
Fighting       | 2 3 4 5 6 |  6.4
Dodging        | 1 3 4 5 |  5.0
Long Blades    | 2 |  2.4
Armour         | 2 3 4 5 |  5.3
Invocations    | 2 4 6 7 |  7.1
Unarmed Combat | 4 6 9 10 11 12 | 12.0
Throwing       | 2 3 4 |  4.5
Stealth        | |  0.8
Evocations     | |  3.0

Action                   |  1- 3 |  4- 6 |  7- 9 | 10-12 || total
-------------------------+-------+-------+-------+-------++-------
Melee: Whip              |    12 |       |       |       ||    12
       Club              |     4 |       |       |       ||     4
       Mace              |    15 |       |       |       ||    15
       Rapier            |    21 |   263 |    85 |       ||   369
       Punch             |       |     4 |     8 |    12 ||    24
       Unarmed           |       |       |   287 |   200 ||   487
 Fire: Hunting sling     |    10 |       |       |       ||    10
Throw: Stone             |     4 |    11 |    22 |    24 ||    61
       Javelin           |       |       |     2 |       ||     2
Invok: Stomp             |       |     2 |     2 |     3 ||     7
Evoke: Wand              |    14 |     6 |     6 |    28 ||    54
       Piece from Xom's  |       |       |     2 |       ||     2
  Use: Potion            |     3 |       |     9 |     3 ||    15
       Scroll            |       |     7 |     6 |     4 ||    17
 Stab: Paralysed         |       |     2 |     8 |    28 ||    38
       Distracted        |       |       |       |     1 ||     1
Armor: Leather armour    |     1 |       |       |       ||     1
       Ring mail         |     7 |       |       |       ||     7
       Skin              |     9 |       |       |       ||     9
       Scale mail        |     3 |   154 |   205 |    79 ||   441
Dodge: Dodged            |    24 |   144 |   180 |    88 ||   436

Table legend: (Time is in decaauts)
 A = Elapsed time spent in this place.
 B = Non-inter-level travel time spent in this place.
 C = Inter-level travel time spent in this place.
 D = Time resting spent in this place.
 E = Time spent auto-exploring this place.
 F = Levels seen in this place.
 G = Mean time per level.
                   A        B        C        D        E       F      G
               +--------+--------+--------+--------+--------+-----+--------+
         Total |  15322 |  14615 |    707 |   2900 |   9477 |  13 | 1178.6 |
       Dungeon |  15322 |  14615 |    707 |   2900 |   9477 |  13 | 1178.6 |
               +--------+--------+--------+--------+--------+-----+--------+

Top non-repeatable levels by time:
     D:7: 2267 daAuts
     D:2: 1673 daAuts
     D:3: 1638 daAuts
     D:6: 1627 daAuts
    D:11: 1351 daAuts
     D:8: 1215 daAuts
     D:5: 1115 daAuts
    D:10: 1084 daAuts
     D:4: 995 daAuts
    D:12: 922 daAuts
     D:1: 744 daAuts
    D:13: 567 daAuts
     D:9: 118 daAuts
